Map: Winter's Gate LE

Players

Makanoft - Winner!

  • Race: Zerg Zerg
  • League: Platinum
  • Spawn Location: 11:00

zart

  • Race: Terran Terran
  • League: Platinum
  • Spawn Location: 5:00

VOD

Have the link to the VOD?

Description

Time

  • Played on: Aug. 28, 2019, 7:18 p.m.
  • Length: 10:23
Show
View Real Time Build Order
Export as new Build Order

Makanoft Zerg - Winner!

Build Orders: Hatch First 

Get SALT Encoding   

  12  0:01  Drone  
  13  0:10  Drone  
  14  0:15  Extractor  
  14  0:16  Drone  
  15  0:22  Overlord  
  15  0:42  Drone x2  
  17  0:45  Drone  
  18  0:58  Hatchery  
  18  1:01  Drone  
  18  1:08  Drone  
  19  1:18  Spawning Pool  
  19  1:23  Extractor  
  17  1:29  Drone x2  
  19  1:40  Drone  
  20  1:52  Overlord  
  20  2:06  Queen  
  22  2:09  Hatchery  
  22  2:10  Zergling x2  
  22  2:11  Zergling x2  
  23  2:17  Drone  
  24  2:24  Drone x2  
  26  2:42  Queen x2  
  30  2:45  Drone x2  
  30  2:51  Drone x2  
  34  2:57  Drone x2  
  36  3:09  Baneling Nest, Overlord  
  36  3:12  Overlord  
  35  3:26  Queen  
  37  3:40  Drone x3  
  37  3:41  Drone x6  
  45  3:48  Lair  
  45  3:52  Extractor, Drone x2  
  46  3:56  Spore Crawler  
  46  4:01  Spore Crawler  
  44  4:04  Spore Crawler  
  44  4:09  Zergling x4  
  46  4:10  Zergling x6  
  46  4:14  Baneling  
  46  4:15  Baneling x2  
  49  4:17  Drone x2  
  49  4:21  Extractor  
  49  4:34  Baneling x2  
  49  4:35  Drone x7  
  56  4:44  Overlord  
  56  4:52  Roach Warren, Queen  
  57  4:57  Nydus Network  
  56  5:02  Queen  
  56  5:04  Zergling x2  
  56  5:05  Zergling x8  
  63  5:11  Spine Crawler  
  63  5:13  Drone  
  63  5:14  Spine Crawler  
  62  5:24  Overlord x2  
  62  5:26  Zergling x6  
  65  5:35  Nydus Canal  
  65  5:43  Roach x2  
  65  5:44  Roach x4  
  65  5:45  Zergling x2  
  69  6:20  Zergling x6  
  69  6:21  Zergling x14  
  63  6:33  Overlord x2  
  61  6:43  Roach x4  
  67  6:57  Zergling x6  
  67  7:07  Roach x3  
  69  7:12  Drone  
  68  7:17  Roach x2  
  70  7:26  Glial Reconstitution  
  70  7:27  Centrifical Hooks  
  70  7:30  Drone x3  
  70  7:37  Extractor  
  72  7:41  Drone x3  
  72  7:44  Spore Crawler, Roach  
  76  8:02  Drone x6  
  76  8:03  Drone  
  80  8:08  Spore Crawler  
  75  8:15  Zergling x6  
  59  8:27  Drone  
  59  8:28  Drone x5  
  59  8:29  Spore Crawler  
  63  8:40  Roach x3  
  69  8:44  Baneling x7  
  69  8:46  Roach x2  
  69  8:47  Roach x2  
  77  8:54  Nydus Canal  
  77  9:00  Roach x4  
  85  9:18  Zergling x10  
  85  9:19  Zergling x10  
  90  9:34  Zergling x10  
  90  9:35  Zergling x4  
  97  9:45  Roach  
  97  9:46  Overlord x3  
  97  9:47  Overlord  
  71  10:00  Zergling x8  
Show
View Real Time Build Order
Export as new Build Order

zart Terran 

Build Orders: Gas First Reaper Expand, Mech 

Get SALT Encoding   

  12  0:01  SCV  
  13  0:13  SCV  
  14  0:18  Supply Depot  
  14  0:25  SCV  
  14  0:27  Refinery  
  15  0:49  Barracks  
  15  0:51  SCV  
  16  1:03  SCV  
  17  1:16  SCV  
  18  1:37  Orbital Command  
  18  1:38  Reaper  
  19  1:45  Command Center  
  19  1:53  Refinery  
  19  2:11  Barracks Tech Lab  
  19  2:12  Factory  
  19  2:18  SCV  
  20  2:31  SCV  
  21  2:43  SCV  
  22  2:56  Starport  
  22  2:59  Barracks Tech Lab  
  22  3:00  Barracks Reactor  
  22  3:01  Orbital Command  
  22  3:03  SCV  
  23  3:08  Siege Tank  
  26  3:15  SCV  
  27  3:27  SCV x2  
  29  3:39  SCV x2  
  31  3:54  Supply Depot  
  31  3:57  Hellion x2  
  31  4:00  Banshee  
  31  4:02  Cloaking Field  
  38  4:08  Refinery  
  38  4:11  Command Center  
  38  4:15  SCV x2  
  40  4:21  Supply Depot  
  40  4:25  Supply Depot x2  
  40  4:28  SCV  
  40  4:30  Hellion  
  43  4:32  Hellion  
  45  4:40  Refinery  
  45  5:16  Banshee  
  45  5:18  Hellion x2  
  52  5:25  Factory x2  
  52  5:35  SCV x2  
  54  5:44  Refinery  
  54  5:47  SCV x2  
  56  5:50  Refinery  
  45  6:53  Factory Tech Lab x2, Hellion x2  
  41  7:07  Orbital Command  
  39  7:19  Orbital Command  
  39  7:20  SCV  
  40  7:28  Hellion x2  
  40  7:29  Siege Tank x2  
  50  7:32  SCV  
  51  7:37  SCV  
  52  7:44  SCV  
  52  7:49  SCV  
  54  7:52  Viking  
  54  7:57  SCV  
  57  8:09  SCV  
  53  8:36  Raven  
  53  8:37  Hellion x2  
  53  8:38  Siege Tank x2  
  53  8:39  SCV x3  
  68  8:51  SCV x3  
  71  9:03  SCV x2  
  71  9:19  Raven  
  55  9:30  Siege Tank x2  
  53  10:06  Factory Tech Lab  
Tags
 
Add a new tag
Caveats
  • Supply blocks, unpowered buildings, or Contaminate may cause inaccurate times.
  • Supply counts are checked every 10 seconds.